 Dungeon Crawl Stone Soup version 0.30.0-10-gfe55d96785 (webtiles) character file.

Game seed: 7695372492791114147

20 Leibowitz the Trooper (level 2, 0/49 HPs)
             Began as an Ogre Berserker on May 16, 2023.
             Was a Follower of Trog.
             Slain by a goblin
             ... wielding a +0 dagger
              (2 damage)
             ... on level 2 of the Dungeon.
             The game lasted 00:01:03 (261 turns).

Leibowitz the Trooper (Ogre Berserker)               Turns: 261, Time: 00:01:03

Health: 0/49       AC:  3    Str: 20    XL:     2   Next: 79%
Magic:  2/2        EV: 10    Int:  8    God:    Trog [*.....]
Gold:   19         SH:  0    Dex:  8    Spells: 1/1 levels left

rFire   . . .        a - +0 spear
rCold   . . .        (no shield)
rNeg    . . .        b - +0 animal skin
rPois   .            (helmet restricted)
rElec   .            (no cloak)
rCorr   .            (gloves unavailable)
SInv    .            (boots unavailable)
Will    .....        (no amulet) Stlth
                     (no ring)
HPRegen 0.28/turn    (no ring)
MPRegen 0.08/turn

%: no passive effects
@: berserking, lethally poisoned (0 -> -3), very quick
A: large, unfitting armour, tough skin 1
a: Renounce Religion, Berserk


You were on level 2 of the Dungeon.
You worshipped Trog.
Trog was aware of your devotion.
You visited 1 branch of the dungeon, and saw 2 of its levels.

You collected 19 gold pieces.

Inventory:

Hand Weapons
 a - a +0 spear (weapon)
Armour
 b - a +0 animal skin (worn)
Scrolls
 d - a scroll of enchant weapon {unknown}
 e - a scroll of torment {unknown}


   Skills:
 * Level 4.4 Fighting
 * Level 3.3 Polearms
 * Level 0.2 Armour
 * Level 3.0 Dodging


You had one spell level left.
You didn't know any spells.
Your spell library was empty.

Dungeon Overview and Level Annotations

Branches:
Dungeon (2/15)

Altars:


Innate Abilities, Weirdness & Mutations

You are too large for most types of armour.
You have tough skin. (AC +1)


Message History

You are confused.
You feel invigorated.
You feel sick.
You are no longer poisoned.
The adder bites you but does no damage. The goblin closely misses you.
You're too confused to move!
The adder bites you but does no damage. The goblin closely misses you.
You miss the adder. The adder bites you but does no damage.
You hit the adder.
The adder is heavily wounded.
You feel less invigorated.
You feel less confused. The adder bites you.
You are poisoned.
The adder poisons you! The goblin hits you but does no damage.
The adder bites you.
You are more poisoned.
The adder poisons you!
You closely miss the adder.
The adder is heavily wounded.
You feel very sick. The goblin hits you with a +0 dagger.
The adder closely misses you.
You miss the adder.
The adder is heavily wounded.
You feel sick. The goblin barely misses you. The adder completely misses you.
You closely miss the adder.
The adder is heavily wounded.
You feel sick. The goblin barely misses you. The adder bites you.
* * * LOW HITPOINT WARNING * * *
You hit the adder.
The adder is heavily wounded.
* * * LOW HITPOINT WARNING * * *
You feel sick. The adder bites you.
* * * LOW HITPOINT WARNING * * *
The frilled lizard barely misses you. The goblin closely misses you.
A red film seems to cover your vision as you go berserk!
You feel yourself moving faster!
You feel mighty!
* * * LOW HITPOINT WARNING * * *
You feel sick. The adder barely misses you.
The goblin hits you with a +0 dagger.
You die...

................ .
##..#####.####### ..
####..######.# ###
...........##..#####..
#.###.##)............
#.?......##########..
####......# #.#
.#####l..###..########.#
......g@.# #.....>.....
......S.## ########...#
#.##..### #..### #..
#>.## #. #.# .. #. .. ..
... ..


You could see an adder, a goblin and a frilled lizard.

Vanquished Creatures
  An adder (D:2)
  2 bats (D:1)
  A goblin (D:2)
  2 hobgoblins
  A quokka (D:1)
  2 kobolds (D:1)
  A rat (D:1)
10 creatures vanquished.

Notes
Turn   | Place    | Note
-------+----------+-------------------------------------------
     0 | D:1      | Leibowitz the Ogre Berserker began the quest for the Orb.
     0 | D:1      | Reached XP level 1. HP: 24/24 MP: 1/1
   109 | D:1      | Reached XP level 2. HP: 25/32 MP: 2/2
   177 | D:1      | You fall into a shaft and drop 1 floor!
   261 | D:2      | HP: 2/49 [poisoned by an adder]
   261 | D:2      | Slain by a goblin

Illustrated notes

Levels and vault maps discovered:
D:1:      giann_forest_graveyard, layout_basic, serial_shops,
          nicolae_shop_temple_entry_statues_fountains
D:2:      layout_rooms, minmay_pentomino_r4

Skill      XL: |  1  2 |
---------------+-------+-----
Dodging        | 3 |  3.0
Fighting       | |  4.4
Polearms       | |  3.3
Armour         | |  0.2

Action                     || total
---------------------------++-------
  Melee: Spear             ||    44
         Punch             ||     1
 Invoke: Berserk           ||     1
    Use: Potion            ||     1
 Armour: Animal skin       ||     9
  Dodge: Dodged            ||    37
